Map: Éphémèrion EC

Players

Ten

  • Race: Zerg Zerg
  • League: Diamond
  • Spawn Location: 5:00

xongnoc - Winner!

  • Race: Zerg Zerg
  • League: Master
  • Spawn Location: 11:00

VOD

Have the link to the VOD?

Description

Time

  • Played on: Oct. 27, 2019, 6:47 p.m.
  • Length: 2:18
Show
View Real Time Build Order
Export as new Build Order

Ten Zerg 

Build Orders: Pool Only 

Get SALT Encoding   

  12  0:18  Spawning Pool  
  11  0:22  Drone  
  11  0:26  Drone  
  13  0:31  Drone  
  14  0:37  Extractor  
  14  0:38  Drone  
  14  0:49  Overlord  
  15  1:08  Zergling x4  
  17  1:17  Zergling x2  
  18  1:27  Zergling x2  
  19  1:59  Spine Crawler  
Show
View Real Time Build Order
Export as new Build Order

xongnoc Zerg - Winner!

Build Orders: Pool Only 

Get SALT Encoding   

  12  0:01  Drone  
  13  0:09  Drone  
  14  0:17  Extractor  
  14  0:18  Drone  
  14  0:34  Spawning Pool  
  13  0:36  Drone  
  14  0:52  Overlord  
  14  0:55  Extractor  
  14  0:56  Drone  
  15  1:22  Zergling x6  
  18  1:30  Queen  
  20  1:41  Overlord  
  20  1:49  Zergling x2  
  21  1:56  Zergling x2  
Tags
 
Add a new tag
Caveats
  • Supply blocks, unpowered buildings, or Contaminate may cause inaccurate times.
  • Supply counts are checked every 10 seconds.